General information
- name: BNet
- type: Ladder team game (AT/RT)
- host: Battle.net
- saver: MrFrosty
map: Highperch
- players: 6
- length: 26:23
- speed: Fast
- version: 1.23 W3XP
- replay type: Public
» download(175 KB)
Players
team 1 (winner)
MrFrosty (
yellow | 90 APM | 2364 actions | 26:23)
4 Archmage
2 Blizzard
2 Brilliance Aura
3 Goblin Tinker
2 Cluster Rockets
1 Engineering Upgrade
» actions
| Assign group hotkey | 21 | |
| Basic commands | 26 | |
| Build / train | 91 | |
| ESC pressed | 4 | |
| Enter build submenu | 38 | |
| Enter hero's abilities submenu | 7 | |
| Give item / drop item | 7 | |
| Right click | 1134 | |
| Select / deselect | 430 | |
| Select group hotkey | 425 | |
| Use ability | 181 | |
2364 total
» units
| Peasant | 17 | |
| Priest | 2 | |
| Sorceress | 3 | |
| Centaur Outrunner | 2 | |
| Razormane Medicine Man | 1 | |
25 total
» upgrades
| Masonry | 3 | |
| Magic Sentry | 1 | |
| Sorceress Training | 2 | |
| Priest Training | 3 | |
| Lumber Harvesting | 2 | |
| Backpack | 1 | |
12 total
» buildings
| Altar of Kings | 1 | |
| Farm | 15 | |
| Lumber Mill | 1 | |
| Scout Tower | 46 | |
| Arcane Tower | 10 | |
| Guard Tower | 22 | |
| Keep | 1 | |
| Arcane Sanctum | 2 | |
| Town Hall | 1 | |
| Castle | 1 | |
| Arcane Vault | 2 | |
102 total
» build order
00:05 Altar of Kings
00:23 Farm
01:14 Lumber Mill
01:21 Scout Tower
01:30 Farm
01:45 Scout Tower
01:52 Arcane Tower
02:17 Guard Tower
02:18 Scout Tower
02:47 Guard Tower
02:48 Scout Tower
03:42 Guard Tower
03:43 Scout Tower
03:44 Scout Tower
03:46 Keep
04:12 Guard Tower
04:21 Farm
04:23 Farm
04:26 Scout Tower
04:28 Farm
04:47 Arcane Tower
04:48 Scout Tower
04:50 Scout Tower
04:51 Scout Tower
05:24 Guard Tower
05:29 Arcane Tower
06:14 Guard Tower
06:15 Scout Tower
06:19 Arcane Sanctum
07:12 Town Hall
07:22 Arcane Tower
07:23 Scout Tower
07:24 Scout Tower
07:25 Scout Tower
07:27 Farm
07:30 Arcane Sanctum
08:28 Arcane Tower
08:29 Guard Tower
08:37 Scout Tower
08:40 Scout Tower
08:45 Scout Tower
08:51 Guard Tower
09:11 Scout Tower
09:18 Guard Tower
09:55 Guard Tower
10:44 Castle
10:47 Scout Tower
10:48 Scout Tower
10:54 Scout Tower
10:54 Scout Tower
10:55 Scout Tower
11:11 Arcane Vault
11:13 Arcane Vault
12:13 Guard Tower
12:45 Guard Tower
12:49 Scout Tower
13:04 Guard Tower
14:18 Guard Tower
14:23 Scout Tower
14:24 Scout Tower
14:27 Scout Tower
14:29 Scout Tower
15:36 Guard Tower
16:08 Arcane Tower
17:28 Guard Tower
17:31 Scout Tower
17:31 Scout Tower
17:33 Scout Tower
19:04 Arcane Tower
19:06 Guard Tower
19:07 Scout Tower
19:08 Scout Tower
19:09 Scout Tower
19:36 Guard Tower
19:38 Arcane Tower
19:40 Scout Tower
19:41 Scout Tower
19:41 Scout Tower
20:44 Farm
20:45 Farm
20:45 Farm
20:46 Farm
20:46 Farm
20:47 Farm
20:47 Farm
20:48 Farm
20:48 Farm
21:05 Arcane Tower
21:06 Guard Tower
21:37 Scout Tower
21:38 Scout Tower
21:38 Scout Tower
22:33 Arcane Tower
22:34 Guard Tower
23:42 Scout Tower
23:44 Scout Tower
23:44 Scout Tower
23:46 Scout Tower
23:52 Scout Tower
23:53 Scout Tower
24:14 Guard Tower
24:45 Guard Tower
» items
| Healing Salve | 2 | |
| Boots of Speed | 2 | |
| Staff of Teleportation | 2 | |
| Periapt of Vitality | 1 | |
| Staff of Sanctuary | 2 | |
| Orb of Lightning | 2 | |
11 total
OblivionXXLBoob (
pink | 91 APM | 2404 actions | 26:22)
5 Archmage
3 Blizzard
2 Brilliance Aura
» actions
| Assign group hotkey | 71 | |
| Basic commands | 23 | |
| Build / train | 100 | |
| ESC pressed | 4 | |
| Enter build submenu | 46 | |
| Enter hero's abilities submenu | 5 | |
| Give item / drop item | 8 | |
| Right click | 932 | |
| Select / deselect | 315 | |
| Select group hotkey | 756 | |
| Use ability | 144 | |
2404 total
» units
| Peasant | 18 | |
| Harpy Rogue | 11 | |
| Harpy Windwitch | 8 | |
| Priest | 1 | |
| Sorceress | 1 | |
39 total
» upgrades
| Masonry | 3 | |
| Lumber Harvesting | 2 | |
| Magic Sentry | 1 | |
| Sorceress Training | 2 | |
| Priest Training | 2 | |
10 total
» buildings
| Altar of Kings | 1 | |
| Farm | 13 | |
| Lumber Mill | 1 | |
| Scout Tower | 31 | |
| Arcane Tower | 9 | |
| Guard Tower | 17 | |
| Keep | 1 | |
| Town Hall | 1 | |
| Castle | 4 | |
| Arcane Sanctum | 1 | |
79 total
» build order
00:08 Altar of Kings
00:22 Farm
00:58 Farm
01:10 Lumber Mill
01:22 Scout Tower
01:44 Scout Tower
01:49 Arcane Tower
02:14 Scout Tower
02:16 Guard Tower
02:47 Guard Tower
03:19 Scout Tower
03:20 Scout Tower
03:21 Scout Tower
03:46 Keep
03:50 Scout Tower
03:51 Guard Tower
04:01 Scout Tower
04:02 Scout Tower
04:26 Guard Tower
04:39 Town Hall
05:26 Scout Tower
05:28 Scout Tower
05:29 Guard Tower
06:30 Guard Tower
06:31 Scout Tower
06:32 Scout Tower
07:00 Castle
07:00 Castle
08:18 Guard Tower
08:45 Scout Tower
08:46 Scout Tower
08:47 Scout Tower
08:47 Scout Tower
08:57 Arcane Sanctum
10:00 Arcane Tower
10:06 Scout Tower
10:10 Scout Tower
10:19 Arcane Tower
10:57 Arcane Tower
10:57 Arcane Tower
11:28 Arcane Tower
11:31 Arcane Tower
12:12 Scout Tower
12:13 Scout Tower
12:14 Scout Tower
12:17 Scout Tower
12:21 Scout Tower
12:22 Scout Tower
12:23 Scout Tower
12:24 Scout Tower
12:24 Scout Tower
12:25 Scout Tower
12:25 Scout Tower
12:28 Scout Tower
13:19 Guard Tower
14:07 Farm
14:09 Farm
14:10 Farm
14:12 Farm
14:12 Farm
14:13 Farm
14:35 Arcane Tower
16:25 Guard Tower
16:25 Guard Tower
16:50 Guard Tower
16:50 Guard Tower
18:03 Arcane Tower
18:15 Guard Tower
20:08 Farm
20:11 Farm
20:12 Farm
20:13 Farm
20:17 Farm
26:02 Guard Tower
26:03 Guard Tower
» items
| Healing Salve | 2 | |
| Boots of Speed | 1 | |
| Staff of Teleportation | 3 | |
| Orb of Lightning | 1 | |
| Potion of Lesser Invulnerability | 1 | |
| Circlet of Nobility | 1 | |
| Ivory Tower | 5 | |
14 total
way.2ez (
orange | 50 APM | 1315 actions | 26:22)
5 Blademaster
3 Wind Walk
2 Critical Strike
» actions
| Assign group hotkey | 18 | |
| Basic commands | 10 | |
| Build / train | 77 | |
| Enter build submenu | 13 | |
| Enter hero's abilities submenu | 5 | |
| Give item / drop item | 12 | |
| Right click | 556 | |
| Select / deselect | 147 | |
| Select group hotkey | 333 | |
| Use ability | 144 | |
1315 total
» units
» upgrades
| Spiked Barricades | 1 | |
| Ranged Weapons | 3 | |
| Liquid Fire | 1 | |
| Reinforced Defenses | 1 | |
| Armor | 3 | |
| Envenomed Spears | 1 | |
10 total
» buildings
| Altar of Storms | 1 | |
| Orc Burrow | 4 | |
| War Mill | 1 | |
| Voodoo Lounge | 2 | |
| Stronghold | 3 | |
| Watch Tower | 4 | |
| Fortress | 1 | |
| Beastiary | 2 | |
18 total
» build order
00:07 Altar of Storms
00:17 Orc Burrow
00:27 War Mill
01:20 Voodoo Lounge
02:18 Voodoo Lounge
02:58 Stronghold
02:58 Stronghold
04:09 Orc Burrow
04:14 Orc Burrow
04:15 Orc Burrow
05:24 Watch Tower
05:26 Fortress
05:45 Beastiary
06:17 Beastiary
06:49 Watch Tower
07:56 Watch Tower
09:08 Watch Tower
» items
| Lesser Clarity Potion | 10 | |
| Healing Salve | 3 | |
| Scroll of Speed | 1 | |
| Staff of Teleportation | 1 | |
| Boots of Speed | 1 | |
| Orb of Lightning | 1 | |
| Potion of Lesser Invulnerability | 3 | |
20 total
team 2 (loser)
capitalgain (
blue | 63 APM | 1667 actions | 26:19)
2 Dreadlord
1 Sleep
1 Vampiric Aura
1 Death Knight
1 Death Coil
» actions
| Assign group hotkey | 19 | |
| Basic commands | 149 | |
| Build / train | 66 | |
| Enter build submenu | 24 | |
| Enter hero's abilities submenu | 3 | |
| Give item / drop item | 1 | |
| Right click | 555 | |
| Select / deselect | 267 | |
| Select group hotkey | 540 | |
| Use ability | 43 | |
1667 total
» units
| Acolyte | 24 | |
| Ghoul | 9 | |
| Abomination | 5 | |
| Obsidian Statue | 3 | |
| Crypt Fiend | 4 | |
| Meatwagon | 2 | |
47 total
» upgrades
| Web | 1 | |
| Unholy Strength | 1 | |
| Unholy Armor | 1 | |
3 total
» buildings
| Crypt | 1 | |
| Ziggurat | 13 | |
| Altar of Darkness | 1 | |
| Tomb of Relics | 1 | |
| Halls of the Dead | 1 | |
| Graveyard | 1 | |
| Black Citadel | 1 | |
| Slaughterhouse | 2 | |
| Spirit Tower | 5 | |
| Nerubian Tower | 3 | |
| Sacrificial Pit | 1 | |
30 total
» build order
00:08 Crypt
00:16 Ziggurat
00:35 Altar of Darkness
00:59 Tomb of Relics
01:12 Ziggurat
02:41 Halls of the Dead
05:36 Graveyard
05:55 Ziggurat
06:49 Ziggurat
07:04 Black Citadel
07:31 Slaughterhouse
08:20 Spirit Tower
08:24 Slaughterhouse
08:33 Ziggurat
08:55 Nerubian Tower
09:05 Sacrificial Pit
11:09 Ziggurat
11:35 Spirit Tower
15:45 Spirit Tower
16:09 Ziggurat
16:44 Ziggurat
17:42 Ziggurat
17:46 Nerubian Tower
17:50 Ziggurat
18:37 Ziggurat
18:57 Ziggurat
19:45 Spirit Tower
19:52 Spirit Tower
20:58 Ziggurat
21:02 Nerubian Tower
» items

»
JonWang (
purple | 72 APM | 1901 actions | 26:22)
2 Keeper of the Grove
1 Entangling Roots
1 Thorns Aura
1 Priestess of the Moon
1 Searing Arrows
» actions
| Assign group hotkey | 19 | |
| Build / train | 63 | |
| ESC pressed | 3 | |
| Enter build submenu | 16 | |
| Enter hero's abilities submenu | 3 | |
| Right click | 1222 | |
| Select / deselect | 274 | |
| Select group hotkey | 250 | |
| Use ability | 51 | |
1901 total
» units
| Wisp | 22 | |
| Chimaera | 9 | |
| Druid of the Talon | 12 | |
43 total
» upgrades
| Reinforced Hides | 3 | |
| Druid of the Talon Training | 2 | |
| Strength of the Wild | 2 | |
| Corrosive Breath | 1 | |
| Mark of the Talon | 1 | |
9 total
» buildings
| Altar of Elders | 1 | |
| Moon Well | 7 | |
| Hunter's Hall | 1 | |
| Ancient Protector | 2 | |
| Tree of Ages | 1 | |
| Tree of Eternity | 1 | |
| Ancient of Wind | 1 | |
| Chimaera Roost | 3 | |
17 total
» build order
00:05 Altar of Elders
00:08 Moon Well
01:08 Hunter's Hall
02:19 Ancient Protector
02:28 Moon Well
03:32 Ancient Protector
03:33 Tree of Ages
04:08 Moon Well
05:56 Tree of Eternity
05:59 Ancient of Wind
06:49 Moon Well
07:48 Moon Well
08:24 Chimaera Roost
08:26 Chimaera Roost
08:51 Chimaera Roost
10:21 Moon Well
15:31 Moon Well
» items
| Dust of Appearance | 2 | |
| Orb of Corruption | 1 | |
| Orb of Lightning | 1 | |
4 total
sinisterXTC (
red | 61 APM | 1593 actions | 26:14)
2 Blademaster
1 Wind Walk
1 Critical Strike
1 Tauren Chieftain
1 War Stomp
1 Shadow Hunter
1 Healing Wave
» actions
| Assign group hotkey | 2 | |
| Basic commands | 335 | |
| Build / train | 44 | |
| ESC pressed | 6 | |
| Enter build submenu | 37 | |
| Enter hero's abilities submenu | 4 | |
| Give item / drop item | 1 | |
| Right click | 655 | |
| Select / deselect | 400 | |
| Use ability | 109 | |
1593 total
» units
» upgrades
| Spiked Barricades | 3 | |
| Armor | 2 | |
| Reinforced Defenses | 1 | |
| Burning Oil | 1 | |
| Ensnare | 1 | |
8 total
» buildings
| Orc Burrow | 6 | |
| Altar of Storms | 1 | |
| War Mill | 1 | |
| Watch Tower | 18 | |
| Stronghold | 1 | |
| Voodoo Lounge | 2 | |
| Fortress | 1 | |
| Barracks | 1 | |
| Great Hall | 1 | |
| Beastiary | 2 | |
34 total
» build order
00:06 Orc Burrow
00:25 Altar of Storms
01:11 War Mill
01:23 Orc Burrow
02:30 Watch Tower
03:03 Watch Tower
03:47 Stronghold
04:07 Orc Burrow
04:41 Watch Tower
05:13 Voodoo Lounge
05:47 Watch Tower
06:46 Fortress
06:54 Orc Burrow
08:24 Watch Tower
09:32 Orc Burrow
09:57 Orc Burrow
10:58 Voodoo Lounge
11:22 Barracks
12:02 Watch Tower
12:05 Watch Tower
12:57 Great Hall
13:07 Watch Tower
13:09 Watch Tower
13:16 Watch Tower
13:45 Watch Tower
14:24 Watch Tower
15:03 Watch Tower
15:36 Watch Tower
16:10 Watch Tower
19:40 Watch Tower
19:42 Watch Tower
19:58 Beastiary
20:02 Beastiary
20:46 Watch Tower
» items
| Healing Salve | 2 | |
| Scroll of Speed | 3 | |
| Lesser Clarity Potion | 1 | |
| Dust of Appearance | 1 | |
| Orb of Lightning | 2 | |
9 total
Chat log
(00:13 / Allies) OblivionXXLBoob: ( . Y . )
(00:19 / All) MrFrosty: yo check out tesnexus for all your oblvion boob mods
(03:20 / All) MrFrosty: Damn good micro, and hot too
(08:20 / Allies) MrFrosty: they just team crept this green
(13:07 / All) JonWang: ter mine that
(13:11 / All) OblivionXXLBoob: kk
(16:46 / All) OblivionXXLBoob: U guys new players?
(26:18 / All) MrFrosty: 2 e z
(26:18 / All) OblivionXXLBoob: ?_?